 Dungeon Crawl Stone Soup version 0.21-a0-471-gd587bd5 (webtiles) character file.

1616 kae the Insei (level 8, -4/67 HPs)
             Began as a Red Draconian Transmuter on Nov 21, 2017.
             Was an Initiate of Wu Jian.
             Slain by a wyvern zombie (11 damage)
             ... on level 6 of the Dungeon.
             The game lasted 00:10:16 (9773 turns).

kae the Insei (Red Draconian Transmuter)            Turns: 9773, Time: 00:10:17

Health: -4/67      AC:  8    Str: 12    XL:     8   Next: 64%
Magic:  13/14      EV: 11    Int: 13    God:    Wu Jian [......]
Gold:   107        SH:  0    Dex: 15    Spells: 10/16 levels left

rFire    + + .     SeeInvis .   d - +0 club
rCold    x . .     Gourm    .   (no shield)
rNeg     . . .     Faith    .   (armour unavailable)
rPois    .         Spirit   .   (helmet restricted)
rElec    .         Reflect  .   (no cloak)
rCorr    .         Harm     .   x - +0 pair of gloves
MR       .....                  s - +0 pair of boots
Stlth    +.........             (no amulet)
HPRegen  0.21/turn              t - ring of fire
MPRegen  0.14/turn              n - +2 ring of slaying

@: heavily drained
A: breathe fire, unfitting armour, fire resistance 1, cold-blooded, AC +6
a: Breathe Fire, Renounce Religion


You were on level 6 of the Dungeon.
You worshipped Wu Jian.
Wu Jian was noncommittal.
You were very hungry.

You visited 2 branches of the dungeon, and saw 7 of its levels.

You collected 302 gold pieces.
You spent 195 gold pieces at shops.

Inventory:

Hand Weapons
 d - a +0 club (weapon)
Missiles
 a - 103 arrows
Armour
 s - a +0 pair of boots (worn)
 x - a +0 pair of gloves (worn)
 y - a +1 pair of gloves
Jewellery
 k - an uncursed ring of resist corrosion
 n - a +2 ring of slaying (right hand)
 t - a ring of fire (left hand)
 u - an uncursed amulet of faith
Scrolls
 e - a scroll of identify
 f - 2 scrolls of teleportation
 p - 2 scrolls of remove curse
 r - 4 scrolls of amnesia
 v - a scroll of fog
 w - 3 scrolls of magic mapping
Potions
 h - 4 potions of curing
 i - 2 potions of degeneration {unknown}
 j - 2 potions of flight {unknown}
 l - a potion of haste
 m - 2 potions of cancellation {unknown}
 o - 2 potions of brilliance {unknown}
Books
 b - a book of Changes

   Spells                             Type                      Level
   a - Beastly Appendage              Transmutation                1
   b - Sticks to Snakes               Transmutation                2
   c - Spider Form                    Transmutation/Poison         3
   d - Ice Form                       Ice/Transmutation            4
   e - Blade Hands                    Transmutation                5
Comestibles
 c - 4 bread rations
 g - a royal jelly
 q - 2 fruits


   Skills:
 + Level 4.8(3.6) Fighting
 - Level 1.7(0.7) Dodging
 * Level 7.0(5.7) Unarmed Combat
 + Level 4.5(3.3) Spellcasting
 * Level 6.6(5.3) Transmutations


You had 10 spell levels left.
You knew the following spells:

 Your Spells              Type           Power        Failure   Level  Hunger
a - Beastly Appendage     Tmut           ###...       2%          1    #......
b - Sticks to Snakes      Tmut           ###.....     3%          2    ##.....
c - Spider Form           Tmut/Pois      #.........   22%         3    ###....


Dungeon Overview and Level Annotations

Branches:
Dungeon (6/15)             Temple (1/1) D:6

Altars:
Ashenzari
Cheibriados
Dithmenos
Elyvilon
Fedhas
Gozag
Hepliaklqana
Kikubaaqudgha
Makhleb
Nemelex Xobeh
Okawaru
Qazlal
Ru
Sif Muna
Trog
Uskayaw
Vehumet
Wu Jian
Xom
Yredelemnul
Zin
The Shining One

Shops:
D:4 }   D:5 ![=*}


Innate Abilities, Weirdness & Mutations

You can breathe blasts of fire.
Your fiery red scales are hard. (AC +6)
You cannot fit into any form of body armour.
Your flesh is heat resistant. (rF+)
You are cold-blooded and may be slowed by cold attacks.


Message History

The wyvern zombie bites you!
Your ball python bites the wyvern zombie but does no damage.
The wyvern zombie barely misses you.
You barely miss the wyvern zombie. Your punch misses the wyvern zombie.
The wyvern zombie is lightly damaged.
Your ball python bites the wyvern zombie.
The wyvern zombie bites you.
* * * LOW HITPOINT WARNING * * *
You hit the wyvern zombie but do no damage.
The wyvern zombie is moderately damaged.
The wyvern zombie bites you!
* * * LOW HITPOINT WARNING * * *
Your ball python barely misses the wyvern zombie.
Your ball python bites the wyvern zombie but does no damage.
The wyvern zombie bites you.
* * * LOW HITPOINT WARNING * * *
You hit the wyvern zombie.
The wyvern zombie is moderately damaged.
The wyvern zombie bites you!
You die...

##.#.....##..)##.##.###.#.###.#..
#.#.....###............#.# #.#..
#.#.....# #...#.##.##..#.# #.#..
##(#.....####..#.##.##..#.# #.#..
#..#####.#.....#'##+##..#.# #.#.#
#'### #.#.##........#..#.# #.#.#
....# #.#.##........#..#.# #.#[#
#'#.####.#.##........#..# #..
#>#.'....#.##...@Z...... .###
###.#....#.##...S....... ....
....#....#.##.........###########
#'###....'........#..............
.........#.###....###.###########
.........+........'.#'#####
.........##.###...#.......#
....#######.# #...#.......# ....#
#.# #..###......#######


You could see a wyvern zombie and a friendly ball python.

Vanquished Creatures
  Menkaure (D:5)
  A sky beast (D:6)
  A phantom (D:5)
  The ghost of anet the Magician, an amateur DEWz (D:4)
  3 bullfrogs (D:6)
  5 wights (D:6)
  A howler monkey (D:3)
  2 crimson imps
  An orc priest (D:6)
  A hound (D:3)
  3 orc wizards (D:6)
  Jessica (D:3)
  Natasha (thrice) (D:3 D:5 D:6)
  7 worker ants
  A hound skeleton (D:4)
  A worker ant zombie (D:3)
  7 adders
  2 worms
  A dart slug (D:1)
  A leopard gecko (D:5)
  15 orcs
  6 giant cockroaches
  7 goblins
  6 hobgoblins
  14 jackals
  5 bats
  2 frilled lizards
  5 kobolds
  A leopard gecko zombie (D:6)
  9 rats
114 creatures vanquished.

Vanquished Creatures (collateral kills)
  Grinder (D:5)
  A bullfrog skeleton (D:5)
  A worker ant (D:4)
  A worm (D:5)
  A leopard gecko (D:6)
  A kobold (D:3)
  A jackal zombie (D:6)
7 creatures vanquished.

Grand Total: 121 creatures vanquished

Notes
Turn   | Place    | Note
-------+----------+-------------------------------------------
     0 | D:1      | kae the Draconian Transmuter began the quest for the Orb.
     0 | D:1      | Reached XP level 1. HP: 16/16 MP: 3/3
   367 | D:1      | Reached XP level 2. HP: 22/23 MP: 3/5
   376 | D:1      | Learned a level 2 spell: Sticks to Snakes
  1396 | D:2      | Reached XP level 3. HP: 27/28 MP: 4/6
  1408 | D:2      | Learned a level 3 spell: Spider Form
  2344 | D:2      | Reached XP level 4. HP: 35/36 MP: 2/7
  3368 | D:3      | Noticed Jessica
  3377 | D:3      | Killed Jessica
  3377 | D:3      | Reached skill level 4 in Unarmed Combat
  3397 | D:3      | Reached XP level 5. HP: 41/41 MP: 9/9
  3880 | D:3      | Found a faded altar of an unknown god.
  3937 | D:3      | Noticed Natasha
  3948 | D:3      | Killed Natasha
  4401 | D:4      | Noticed anet's ghost (amateur DEWz)
  4556 | D:4      | Found Napsys's Gadget Shoppe.
  5022 | D:4      | Killed anet's ghost
  5022 | D:4      | Reached XP level 6. HP: 50/50 MP: 10/10
  5255 | D:4      | Found a deep blue altar of Sif Muna.
  5860 | D:5      | Entered Level 5 of the Dungeon
  5975 | D:5      | Found Kioleuj's General Store.
  5992 | D:5      | Bought a scroll of magic mapping for 45 gold pieces
  6038 | D:5      | Noticed Grinder
  6039 | D:5      | Paralysed by Grinder for 4 turns
  6044 | D:5      | Noticed Natasha
  6054 | D:5      | Paralysed by Grinder for 5 turns
  6063 | D:5      | Killed Natasha
  6063 | D:5      | Reached skill level 5 in Unarmed Combat
  6065 | D:5      | Paralysed by Grinder for 7 turns
  6099 | D:5      | Paralysed by Grinder for 4 turns
  6117 | D:5      | Killed Grinder
  6117 | D:5      | Your scales start taking on a fiery red colour.
  6117 | D:5      | Reached XP level 7. HP: 7/57 MP: 6/12
  6117 | D:5      | Gained mutation: Your flesh is heat resistant. (rF+) [Red Draconian growth]
  6380 | D:5      | Found Etuth's Gadget Shop.
  6735 | D:5      | Reached skill level 5 in Transmutations
  6948 | D:5      | Noticed Menkaure
  6963 | D:5      | Killed Menkaure
  6995 | D:5      | Found Ogrea's Distillery.
  7002 | D:5      | Bought 2 potions of curing for 66 gold pieces
  7037 | D:5      | Found Ximei's Jewellery Shoppe.
  7041 | D:5      | Bought a cursed -6 ring of protection for 26 gold pieces
  7041 | D:5      | Bought a cursed ring of loudness for 58 gold pieces
  7385 | D:5      | Found Hiupnoocw's Armour Shop.
  7628 | D:6      | Reached skill level 6 in Unarmed Combat
  7789 | D:6      | Reached XP level 8. HP: 66/66 MP: 12/14
  7997 | D:6      | Noticed Natasha
  8005 | D:6      | Killed Natasha
  8034 | D:6      | Found a staircase to the Ecumenical Temple.
  8042 | Temple   | Entered the Ecumenical Temple
  8119 | Temple   | Became a worshipper of the Wu Jian Council
  9541 | D:6      | Reached skill level 7 in Unarmed Combat
  9773 | D:6      | Slain by a wyvern zombie

Vault maps used:
D:1:      dpeg_arrival_arbitrary_b
D:3:      chequers_ecumenical_altar_lobes, serial_bayou, serial_bayou_pond_e,
          serial_bayou_lagoon_a, serial_bayou_pond_d, serial_bayou_pond_c,
          uniq_natasha, uniq_jessica
D:4:      tgw_sif, serial_shops, shop
D:5:      first_bread, serial_shops, nicolae_shop_trees, shop, shop,
          nicolae_shop_stone, shop, uniq_menkaure, uniq_grinder
D:6:      minmay_temple_entry_glassed_door
Temple:   compressed_dpeg_circular_temple

Skill      XL: |  1  2  3  4  5  6  7  8 |
---------------+-------------------------+-----
Fighting       | 2 3 4 |  4.8
Transmutations | 3 4 5 6 |  6.6
Unarmed Combat | 4 5 6 7 |  7.0
Spellcasting   | 3 4 |  4.5
Dodging        | |  1.7

Action                   |  1- 3 |  4- 6 |  7- 9 || total
-------------------------+-------+-------+-------++-------
Melee: Club              |   146 |   312 |   183 ||   641
       Unarmed           |     5 |       |       ||     5
       Tailslap          |    17 |    34 |    24 ||    75
       Kick              |     6 |       |       ||     6
       Headbutt          |     4 |     4 |       ||     8
       Punch             |     1 |     9 |     3 ||    13
 Cast: Beastly Appendage |    12 |     6 |       ||    18
       Sticks to Snakes  |     2 |    17 |    10 ||    29
 Abil: Breathe Fire      |       |       |    20 ||    20
  Use: Scroll            |     5 |     5 |     2 ||    12
       Potion            |       |     4 |       ||     4
 Stab: Sleeping          |     1 |     1 |       ||     2
       Distracted        |       |     1 |     2 ||     3
  Eat: Chunk             |     4 |     8 |    13 ||    25
       Royal jelly       |       |     1 |       ||     1
       Meat ration       |       |     1 |       ||     1
       Fruit             |       |       |     2 ||     2
Armor: Skin              |    67 |   203 |    90 ||   360
Dodge: Dodged            |   163 |   230 |   105 ||   498

Table legend:
 A = Spawn XP
 B = Non-spawn XP
 C = Spawn XP percentage of total XP
 D = Spawn monster count
 E = Non-spawn monster count
 F = Spawn count percentage of total count
 G = Total turns spent on level
                    A         B        C        D         E        F      G
               +---------+---------+-------+---------+---------+-------+---------
         Total |       0 |    2309 |   0.0 |       0 |     121 |   0.0 |  9773
               +---------+---------+-------+---------+---------+-------+---------
           D:1 |       0 |      40 |   0.0 |       0 |      24 |   0.0 |  1344
           D:2 |       0 |      76 |   0.0 |       0 |      16 |   0.0 |  1651
           D:3 |       0 |     193 |   0.0 |       0 |      20 |   0.0 |  1925
           D:4 |       0 |     235 |   0.0 |       0 |      19 |   0.0 |   940
           D:5 |       0 |     728 |   0.0 |       0 |      13 |   0.0 |  1745
           D:6 |       0 |    1037 |   0.0 |       0 |      29 |   0.0 |  2072
               +---------+---------+-------+---------+---------+-------+---------
